 Dungeon Crawl Stone Soup version 0.29.1-1-gd02db6906a (webtiles) character file.

Game seed: 13191049028249024084

301 Ashen the Chiller (level 6, -2/46 HPs)
             Began as a Demonspawn Ice Elementalist on Sept 15, 2022.
             Slain by a bullfrog (8 damage)
             ... on level 5 of the Dungeon.
             The game lasted 00:06:55 (4074 turns).

Ashen the Chiller (Demonspawn Ice Elementalist)     Turns: 4074, Time: 00:06:57

Health: -2/46      AC:  3    Str:  8    XL:     6   Next: 14%
Magic:  0/10       EV: 14    Int: 19    God:
Gold:   143        SH:  4    Dex: 13    Spells: 4/11 levels left

rFire   . . .      SeeInvis .   (no weapon)
rCold   . . .      Faith    .   (no shield)
rNeg    . . .      Spirit   .   a - +0 robe
rPois   +          Reflect  .   (no helmet)
rElec   .          Harm     .   (no cloak)
rCorr   .          Rampage  .   (no gloves)
Will    +....                   h - +0 pair of boots
Stlth   ++........              (no amulet)
HPRegen 0.15/turn               e - ring of willpower
MPRegen 0.12/turn               d - ring of poison resistance

@: no status effects
A: claws 1, repulsion field 1, condensation shield, demonic magic 1
a: no special abilities


You were on level 5 of the Dungeon.
You visited 1 branch of the dungeon, and saw 6 of its levels.

You collected 143 gold pieces.

Inventory:

Missiles
 s - 2 javelins
Armour
 a - a +0 robe (worn)
 h - a +0 pair of boots (worn)
Jewellery
 d - a ring of poison resistance (right claw)
 e - a ring of willpower (left claw)
 i - a ring of ice
Wands
 p - a wand of iceblast (7)
Scrolls
 c - 2 scrolls of silence {unknown}
 f - 7 scrolls of teleportation {unknown}
 g - 5 scrolls of noise {unknown}
 j - a scroll of butterflies {unknown}
 l - a scroll of identify {unknown}
 m - a scroll of poison {unknown}
 o - a scroll of enchant armour {unknown}
 r - a scroll of blinking {unknown}
Potions
 b - 2 potions of magic
 k - 3 potions of ambrosia {unknown}
 n - a potion of flight {unknown}
 q - a potion of lignification {unknown}
 t - a potion of degeneration {unknown}


   Skills:
 + Level 2.4 Fighting
 + Level 3.0 Dodging
 + Level 3.2 Stealth
 + Level 3.2 Spellcasting
 + Level 4.4 Ice Magic


You had 4 spell levels left.
You knew the following spells:

 Your Spells              Type           Power      Damage    Failure   Level
a - Freeze                Ice            76%        1d9       2%          1
b - Frozen Ramparts       Ice            38%        1d6       8%          3
c - Ozocubu's Armour      Ice            19%        N/A       8%          3

Your spell library contained the following spells:

 Spells                   Type           Power      Damage    Failure   Level
 Ensorcelled Hibernation  Hex/Ice        22%        N/A       9%          2
 Passwall                 Tmut/Erth      2%         N/A       22%         2
 Swiftness                Air            3%         N/A       41%         3
 Hailstorm                Conj/Ice       11%        3d5       52%         4


Dungeon Overview and Level Annotations

Branches:
Dungeon (6/15)
 Temple: D:4-7

Altars:
Makhleb
Sif Muna
Uskayaw


Innate Abilities, Weirdness & Mutations

You have sharp fingernails.
You are surrounded by a mild repulsion field. (EV +2)
A meltable shield of frost defends you. (SH +4)
Spells you cast may paralyse adjacent enemies.


Message History

The bullfrog is moderately wounded.
The bullfrog closely misses you.
Casting: Freeze (safe; 2% risk of failure)
Confirm with . or Enter, or press ? or * to list all spells.
Aiming: Freeze (safe; 2% risk of failure)
Press: ? - help, Shift-Dir - straight line, f/p - bullfrog
Aim: a bullfrog (moderately wounded, slow)
You freeze the bullfrog.
The bullfrog is heavily wounded.
The bullfrog seems to slow down.
Malevolent energies surge around you. The bullfrog hits you!
* * * LOW HITPOINT WARNING * * *
You closely miss the bullfrog.
The bullfrog is moderately wounded.
The bullfrog closely misses you.
You barely miss the bullfrog.
The bullfrog is moderately wounded.
The bullfrog hits you.
* * * LOW HITPOINT WARNING * * *
You closely miss the bullfrog.
The bullfrog is moderately wounded.
The bullfrog releases a deep croak.
The bullfrog barely misses you.
You scratch the bullfrog.
The bullfrog is heavily wounded.
The bullfrog closely misses you.
You barely miss the bullfrog.
The bullfrog is heavily wounded.
The bullfrog snags a nearby small bird with its tongue.
The bullfrog misses you.
Casting: Freeze (safe; 2% risk of failure)
Confirm with . or Enter, or press ? or * to list all spells.
Aiming: Freeze (safe; 2% risk of failure)
Press: ? - help, Shift-Dir - straight line, f/p - bullfrog
Aim: a bullfrog (heavily wounded, slow)
You freeze the bullfrog.
The bullfrog is severely wounded.
The bullfrog seems to slow down.
Malevolent energies surge around you. The bullfrog hits you!
You die...

.#.##.#.≈#
.#)##.#.≈#
.####.#!≈#
......#.≈#
#######.≈#
........≈#
≈≈≈≈≈≈≈=≈# ##F#
#.@#
#######.### #
..........###.#
####......#....
#...........
#......#....
#......#####
#......#
#......#


You could see a bullfrog (slow).

Vanquished Creatures
  A phantom (D:4)
  2 hounds
  An orc wizard (D:3)
  6 adders
  An ufetubus (D:5)
  A worm (D:2)
  5 dart slugs
  4 endoplasms
  3 giant cockroaches
  7 goblins
  8 hobgoblins
  2 jackals (D:3)
  4 quokkas
  3 ball pythons
  8 bats
  3 frilled lizards
  4 kobolds
  7 rats
70 creatures vanquished.

Notes
Turn   | Place    | Note
-------+----------+-------------------------------------------
     0 | D:1      | Ashen the Demonspawn Ice Elementalist began the quest for
                  | the Orb.
     0 | D:1      | Reached XP level 1. HP: 13/13 MP: 3/3
   341 | D:1      | Gained mutation: A meltable shield of frost defends you.
                  | (SH +4) [demonic ancestry]
   341 | D:1      | Reached XP level 2. HP: 17/20 MP: 1/5
  1010 | D:1      | Reached skill level 1 in Fighting
  1125 | D:1      | Gained mutation: You have sharp fingernails. [demonic
                  | ancestry]
  1125 | D:1      | Reached XP level 3. HP: 26/26 MP: 4/6
  1457 | D:2      | Gained mutation: You are surrounded by a mild repulsion
                  | field. (EV +2) [demonic ancestry]
  1457 | D:2      | Reached XP level 4. HP: 14/32 MP: 0/7
  1463 | D:2      | Reached skill level 4 in Ice Magic
  1922 | D:2      | Found a faded altar of an unknown god.
  2376 | D:3      | Found a hide-covered altar of Uskayaw.
  2563 | D:3      | Found a burning altar of Makhleb.
  2854 | D:3      | Reached XP level 5. HP: 38/38 MP: 6/9
  2960 | D:3      | Found a shimmering blue altar of Sif Muna.
  2974 | D:3      | Learned a level 3 spell: Frozen Ramparts
  2978 | D:3      | Learned a level 3 spell: Ozocubu's Armour
  3734 | D:4      | Noticed a phantom
  3784 | D:4      | HP: 1/38 [phantom (7)]
  3819 | D:4      | Killed a phantom
  4021 | D:4      | You fall into a shaft and drop 2 floors!
  4027 | D:6      | Noticed an ice beast
  4032 | D:5      | Entered Level 5 of the Dungeon
  4045 | D:5      | Gained mutation: Spells you cast may paralyse adjacent
                  | enemies. [demonic ancestry]
  4045 | D:5      | Reached XP level 6. HP: 21/45 MP: 5/10
  4074 | D:5      | Slain by a bullfrog

Illustrated notes

Levels and vault maps discovered:
D:1:      enne_arrival_octagon_isle, layout_basic
D:2:      layout_rooms, chequers_ecumenical_altar_grove, minmay_pentomino_o4
D:3:      layout_loops_ring, lemuel_doored_altar,
          eat_drink_and_be_merry_uskayaw, led_sif_book,
          chequers_serial_rivers_micro_c
D:4:      layout_loops_ring, zin_angel, yredelemnul_forgotten_temple_becter,
          elyvilon_altar_3, cheibrodos_ashenzari_chains, serial_rivers,
          chequers_serial_rivers_marsh, chequers_serial_rivers_room_b,
          chequers_serial_rivers_marsh, chequers_serial_rivers_room_b,
          uniq_blork_the_orc
D:5:      layout_rooms, nicolae_vehumet_radiance, minmay_temple_entry_crystal_x,
          kennysheep_small_spiral, uniq_sigmund
D:6:      layout_gridville, nemelex_dance_club_becter,
          mainiacjoe_overflow_tiny_flanked, grunt_decor_fettered,
          kennysheep_big_empty_room

Skill      XL: |  1  2  3  4  5  6 |
---------------+-------------------+-----
Stealth        | 2 3 |  3.2
Dodging        | 2 3 |  3.0
Fighting       | 1 2 |  2.4
Ice Magic      | 4 |  4.4
Spellcasting   | 3 |  3.2

Action                   |  1- 3 |  4- 6 || total
-------------------------+-------+-------++-------
Melee: Unarmed           |    37 |   102 ||   139
       Punch             |       |     1 ||     1
 Cast: Freeze            |    46 |    70 ||   116
       Ozocubu's Armour  |       |     2 ||     2
       Frozen Ramparts   |       |     1 ||     1
  Use: Potion            |       |     2 ||     2
 Stab: Sleeping          |     1 |     4 ||     5
       Paralysed         |       |     1 ||     1
Armor: Robe              |    16 |    25 ||    41
Dodge: Dodged            |    44 |    91 ||   135
Block: Other             |     9 |    20 ||    29
